| TOP OF THE 1ST |
|
Cedar Rapids Cardinals batting - Pitching for Clinton Pilots : RHP Richard Patterson
|
|
Pitching: RHP Richard Patterson
|
|
|
Batting: RHB Nehames Bernstine
|
0-0: Called Strike 0-1: Ball 1-1: Ball 2-1: SINGLE (Groundball, 34D, EV 106.3 MPH)
|
|
Batting: RHB Reggie D Williams
|
0-0: Called Strike Nehames Bernstine steals 2nd base 0-1: Ball 1-1: Foul Ball, location: 2F 1-2: Strikes out swinging
|
|
Batting: RHB Winston Ficklin
|
0-0: Ball 1-0: Ground out 4-3 (Groundball, 34, EV 101.3 MPH) Nehames Bernstine to third
|
|
Batting: RHB Mark Poole
|
0-0: Ball 1-0: Fly out, F8 (Flyball, 8RXD, EV 103.1 MPH)
|
| Top of the 1st over - 0 runs, 1 hit, 0 errors, 1 left on base; Cedar Rapids 0 - Clinton 0 |
| BOTTOM OF THE 1ST |
|
Clinton Pilots batting - Pitching for Cedar Rapids Cardinals : RHP Chris Bosio
|
|
Pitching: RHP Chris Bosio
|
|
|
Batting: RHB Alberto Reyes
|
0-0: Foul Ball, location: 2F 0-1: Ball 1-1: TRIPLE (Line Drive, 89XD, EV 110.6 MPH)
|
|
Batting: RHB Tom Riley
|
0-0: Ball 1-0: Ball 2-0: Ball 3-0: Called Strike 3-1: Foul Ball, location: 2F 3-2: SINGLE (Groundball, 6MD, EV 98.1 MPH) Alberto Reyes scores
|
|
Batting: RHB Bert Pena
|
0-0: Called Strike 0-1: Fly out, F8 (Flyball, 8RM, EV 89.4 MPH)
|
|
Batting: RHB Abe Rael
|
0-0: Ball 1-0: Called Strike 1-1: Grounds into double play, 5-4-3 (Groundball, 56, EV 107.5 MPH)
|
| Bottom of the 1st over - 1 run, 2 hits, 0 errors, 0 left on base; Cedar Rapids 0 - Clinton 1 |
| TOP OF THE 2ND |
|
Cedar Rapids Cardinals batting - Pitching for Clinton Pilots : RHP Richard Patterson
|
|
Batting: RHB Carson Carroll
|
0-0: Swinging Strike 0-1: Foul Ball, location: 2F 0-2: Ball 1-2: Ground out 6-3 (Groundball, 56, EV 103.8 MPH)
|
|
Batting: LHB Chris Henry
|
0-0: Swinging Strike 0-1: Ball 1-1: Ball 2-1: Ball 3-1: Base on Balls
|
|
Batting: RHB Dean Kornacker
|
0-0: Ball 1-0: Ball 2-0: Foul Ball, location: 2F 2-1: Ball 3-1: Grounds into double play, 6-4-3 (Groundball, 56, EV 80.6 MPH)
|
| Top of the 2nd over - 0 runs, 0 hits, 0 errors, 0 left on base; Cedar Rapids 0 - Clinton 1 |
| BOTTOM OF THE 2ND |
|
Clinton Pilots batting - Pitching for Cedar Rapids Cardinals : RHP Chris Bosio
|
|
Batting: RHB Joseph Rietano
|
0-0: Called Strike 0-1: SINGLE (Groundball, 6S, EV 95.0 MPH)
|
|
Batting: LHB Epifano Martinez
|
0-0: Called Strike 0-1: Fielders Choice at 2nd, U6 (Groundball, 4M, EV 105.0 MPH)
|
|
Batting: RHB Ferdinand Rivera
|
0-0: Ball 1-0: Foul Ball, location: 2F 1-1: Ball 2-1: Foul Ball, location: 2F 2-2: Ball 3-2: Base on Balls Epifano Martinez to second
|
|
Batting: RHB Ron Stinnett
|
0-0: Foul Ball, location: 2F 0-1: Called Strike 0-2: Ball 1-2: Strikes out swinging
|
|
Batting: RHB Mark Parent
|
0-0: Ball 1-0: Called Strike 1-1: Foul Ball, location: 2F 1-2: Ball 2-2: Strikes out swinging
|
| Bottom of the 2nd over - 0 runs, 1 hit, 0 errors, 2 left on base; Cedar Rapids 0 - Clinton 1 |
| TOP OF THE 3RD |
|
Cedar Rapids Cardinals batting - Pitching for Clinton Pilots : RHP Richard Patterson
|
|
Batting: RHB Miguel Sosa
|
0-0: Ball 1-0: Fly out, F8 (Flyball, 8LM, EV 84.4 MPH)
|
|
Batting: SHB Duane Johnson
|
0-0: Ball 1-0: Swinging Strike 1-1: Foul Ball, location: 2F 1-2: Ground out 2-3 (Groundball, 2L, EV 66.9 MPH)
|
|
Batting: RHB Nehames Bernstine
|
0-0: Foul Ball, location: 2F 0-1: Ground out 6-3 (Groundball, 6, EV 90.6 MPH)
|
| Top of the 3rd over - 0 runs, 0 hits, 0 errors, 0 left on base; Cedar Rapids 0 - Clinton 1 |
| BOTTOM OF THE 3RD |
|
Clinton Pilots batting - Pitching for Cedar Rapids Cardinals : RHP Chris Bosio
|
|
Batting: RHB Alberto Reyes
|
0-0: Ball 1-0: Fly out, F8 (Line Drive, 8RM, EV 90.6 MPH)
|
|
Batting: RHB Tom Riley
|
0-0: Called Strike 0-1: Ground out 5-3 (Groundball, 56S, EV 68.1 MPH)
|
|
Batting: RHB Bert Pena
|
0-0: Ball 1-0: Called Strike 1-1: Ball 2-1: Swinging Strike 2-2: Foul Ball, location: 2F 2-2: Foul Ball, location: 2F 2-2: Foul Ball, location: 2F 2-2: Foul Ball, location: 2F 2-2: Strikes out swinging
|
| Bottom of the 3rd over - 0 runs, 0 hits, 0 errors, 0 left on base; Cedar Rapids 0 - Clinton 1 |
| TOP OF THE 4TH |
|
Cedar Rapids Cardinals batting - Pitching for Clinton Pilots : RHP Richard Patterson
|
|
Batting: RHB Reggie D Williams
|
0-0: Called Strike 0-1: Ball 1-1: Fly out, F7 (Line Drive, 7D, EV 85.6 MPH)
|
|
Batting: RHB Winston Ficklin
|
0-0: Ball 1-0: Called Strike 1-1: Ball 2-1: Fly out, F8 (Flyball, 8LM, EV 89.4 MPH)
|
|
Batting: RHB Mark Poole
|
0-0: Ball 1-0: Called Strike 1-1: Called Strike 1-2: Foul Ball, location: 2F 1-2: Strikes out swinging
|
| Top of the 4th over - 0 runs, 0 hits, 0 errors, 0 left on base; Cedar Rapids 0 - Clinton 1 |
| BOTTOM OF THE 4TH |
|
Clinton Pilots batting - Pitching for Cedar Rapids Cardinals : RHP Chris Bosio
|
|
Batting: RHB Abe Rael
|
0-0: Ball 1-0: Called Strike 1-1: Called Strike 1-2: Ball 2-2: Ground out 5-3 (Groundball, 56S, EV 85.6 MPH)
|
|
Batting: RHB Joseph Rietano
|
0-0: Called Strike 0-1: Ball 1-1: Ball 2-1: Fly out, F6 (Line Drive, 6, EV 69.4 MPH)
|
|
Batting: LHB Epifano Martinez
|
0-0: Reached on error, E5 (Groundball, 5, EV 81.9 MPH)
|
|
Batting: RHB Ferdinand Rivera
|
0-0: Ball 1-0: Foul Ball, location: 2F 1-1: Called Strike 1-2: Ball 2-2: Fly out, F8 (Line Drive, 8LD, EV 97.5 MPH)
|
| Bottom of the 4th over - 0 runs, 0 hits, 1 error, 1 left on base; Cedar Rapids 0 - Clinton 1 |
| TOP OF THE 5TH |
|
Cedar Rapids Cardinals batting - Pitching for Clinton Pilots : RHP Richard Patterson
|
|
Batting: RHB Carson Carroll
|
0-0: Ball 1-0: Ball 2-0: Called Strike 2-1: Ball 3-1: Foul Ball, location: 2F 3-2: Foul Ball, location: 2F 3-2: Fly out, F8 (Flyball, 8RXD, EV 105.0 MPH)
|
|
Batting: LHB Chris Henry
|
0-0: Called Strike 0-1: Called Strike 0-2: Ball 1-2: DOUBLE (Groundball, 5L, EV 101.3 MPH)
|
|
Batting: RHB Dean Kornacker
|
0-0: Called Strike 0-1: Ball 1-1: Called Strike 1-2: Strikes out swinging
|
|
Batting: RHB Miguel Sosa
|
0-0: Fly out, F9 (Flyball, 89D, EV 104.4 MPH)
|
| Top of the 5th over - 0 runs, 1 hit, 0 errors, 1 left on base; Cedar Rapids 0 - Clinton 1 |
| BOTTOM OF THE 5TH |
|
Clinton Pilots batting - Pitching for Cedar Rapids Cardinals : RHP Chris Bosio
|
|
Batting: RHB Ron Stinnett
|
0-0: Called Strike 0-1: Ground out 6-3 (Groundball, 6, EV 101.3 MPH)
|
|
Batting: RHB Mark Parent
|
0-0: Reached on error, E5 (Groundball, 56S, EV 84.4 MPH)
|
|
Batting: RHB Alberto Reyes
|
0-0: Ground out 5-3 (Groundball, 6S, EV 65.0 MPH) Mark Parent to second
|
|
Batting: RHB Tom Riley
|
0-0: SINGLE (Groundball, 6MS, EV 63.8 MPH) (infield hit) Mark Parent to third
|
|
Batting: RHB Bert Pena
|
0-0: Ball 1-0: Called Strike 1-1: Swinging Strike 1-2: Ball 2-2: Strikes out swinging
|
| Bottom of the 5th over - 0 runs, 1 hit, 1 error, 2 left on base; Cedar Rapids 0 - Clinton 1 |
| TOP OF THE 6TH |
|
Cedar Rapids Cardinals batting - Pitching for Clinton Pilots : RHP Richard Patterson
|
|
Batting: SHB Duane Johnson
|
0-0: Called Strike 0-1: Swinging Strike 0-2: Ball 1-2: Foul Ball, location: 2F 1-2: Strikes out swinging
|
|
Batting: RHB Nehames Bernstine
|
0-0: Called Strike 0-1: Foul Ball, location: 2F 0-2: Ball 1-2: Strikes out swinging
|
|
Batting: RHB Reggie D Williams
|
0-0: Bunted foul 0-1: Ball 1-1: SINGLE (Groundball, 4MD, EV 93.8 MPH)
|
|
Batting: RHB Winston Ficklin
|
0-0: Swinging Strike 0-1: Ball 1-1: Swinging Strike 1-2: Fielders Choice at 2nd, 5-4 (Groundball, 56, EV 101.3 MPH)
|
| Top of the 6th over - 0 runs, 1 hit, 0 errors, 1 left on base; Cedar Rapids 0 - Clinton 1 |
| BOTTOM OF THE 6TH |
|
Clinton Pilots batting - Pitching for Cedar Rapids Cardinals : RHP Chris Bosio
|
|
Batting: RHB Abe Rael
|
0-0: DOUBLE (Flyball, 8LXD, EV 107.5 MPH)
|
|
Batting: RHB Joseph Rietano
|
0-0: Swinging Strike 0-1: Foul Ball, location: 2F 0-2: Ball 1-2: Ground out 6-3 (Groundball, P, EV 83.1 MPH) Abe Rael to third
|
|
Batting: LHB Epifano Martinez
|
0-0: Called Strike 0-1: Foul Ball, location: 2F 0-2: Foul Ball, location: 2F 0-2: DOUBLE (Line Drive, 8LD, EV 94.4 MPH) Abe Rael scores
|
|
Batting: RHB Ferdinand Rivera
|
0-0: Foul Ball, location: 2F 0-1: Foul Ball, location: 2F 0-2: Ball 1-2: Ball 2-2: Ground out 5-3 (Groundball, 56, EV 93.1 MPH)
|
|
Batting: RHB Ron Stinnett
|
0-0: Foul Ball, location: 2F 0-1: Ground out 5-3 (Groundball, 5S, EV 61.9 MPH)
|
| Bottom of the 6th over - 1 run, 2 hits, 0 errors, 1 left on base; Cedar Rapids 0 - Clinton 2 |
| TOP OF THE 7TH |
|
Cedar Rapids Cardinals batting - Pitching for Clinton Pilots : RHP Richard Patterson
|
|
Batting: RHB Mark Poole
|
0-0: Called Strike 0-1: Swinging Strike 0-2: Ball 1-2: Foul Ball, location: 2F 1-2: Ground out 4-3 (Groundball, 4M, EV 101.9 MPH)
|
|
Batting: RHB Carson Carroll
|
0-0: Ball 1-0: Foul Ball, location: 2F 1-1: Ball 2-1: Ball 3-1: Foul Ball, location: 2F 3-2: Base on Balls
|
|
Batting: LHB Chris Henry
|
0-0: Called Strike Carson Carroll is caught stealing 2nd base 2-6 0-1: Called Strike 0-2: Ball 1-2: Foul Ball, location: 2F 1-2: Ground out 6-3 (Groundball, 6, EV 104.4 MPH)
|
| Top of the 7th over - 0 runs, 0 hits, 0 errors, 0 left on base; Cedar Rapids 0 - Clinton 2 |
| BOTTOM OF THE 7TH |
|
Clinton Pilots batting - Pitching for Cedar Rapids Cardinals : RHP Chris Bosio
|
|
Batting: RHB Mark Parent
|
0-0: Called Strike 0-1: Ball 1-1: Fly out, F6 (Flyball, 6D, EV 76.3 MPH)
|
|
Batting: RHB Alberto Reyes
|
0-0: Called Strike 0-1: Foul Ball, location: 2F 0-2: Ball 1-2: Ball 2-2: Ball 3-2: Foul Ball, location: 2F 3-2: Fly out, F9 (Flyball, 89M, EV 94.4 MPH)
|
|
Batting: RHB Tom Riley
|
0-0: Ball 1-0: Foul Ball, location: 2F 1-1: Ball 2-1: Foul Ball, location: 2F 2-2: Ground out 6-3 (Groundball, 6, EV 82.5 MPH)
|
| Bottom of the 7th over - 0 runs, 0 hits, 0 errors, 0 left on base; Cedar Rapids 0 - Clinton 2 |
| TOP OF THE 8TH |
|
Cedar Rapids Cardinals batting - Pitching for Clinton Pilots : RHP Richard Patterson
|
|
Batting: RHB Dean Kornacker
|
0-0: Ball 1-0: Fly out, F8 (Flyball, 78M, EV 86.9 MPH)
|
|
Batting: RHB Miguel Sosa
|
0-0: Ball 1-0: Called Strike 1-1: Fly out, F7 (Flyball, 7LS, EV 80.6 MPH)
|
|
Batting: SHB Duane Johnson
|
0-0: Ball 1-0: Called Strike 1-1: Ball 2-1: Ball 3-1: Base on Balls
|
|
Batting: RHB Nehames Bernstine
|
0-0: Ball 1-0: Fly out, F9 (Flyball, 9LM, EV 82.5 MPH)
|
| Top of the 8th over - 0 runs, 0 hits, 0 errors, 1 left on base; Cedar Rapids 0 - Clinton 2 |
| BOTTOM OF THE 8TH |
|
Clinton Pilots batting - Pitching for Cedar Rapids Cardinals : RHP Chris Bosio
|
|
Batting: RHB Bert Pena
|
0-0: Ball 1-0: Called Strike 1-1: Ball 2-1: Ball 3-1: Base on Balls
|
|
Batting: RHB Abe Rael
|
0-0: Called Strike 0-1: Ball 1-1: Ball 2-1: Called Strike 2-2: Ball 3-2: Fly out, F8 (Flyball, 8LXD, EV 90.0 MPH)
|
|
Batting: RHB Joseph Rietano
|
0-0: Fly out, F8 (Flyball, 8RD, EV 106.9 MPH)
|
|
Batting: LHB Epifano Martinez
|
0-0: Ball Bert Pena steals 2nd base 1-0: Ball 2-0: Called Strike 2-1: Ball 3-1: Ground out 4-3 (Groundball, 4, EV 88.8 MPH)
|
| Bottom of the 8th over - 0 runs, 0 hits, 0 errors, 1 left on base; Cedar Rapids 0 - Clinton 2 |
| TOP OF THE 9TH |
|
Cedar Rapids Cardinals batting - Pitching for Clinton Pilots : RHP Richard Patterson
|
|
Batting: RHB Reggie D Williams
|
0-0: Ball 1-0: Ball 2-0: Ball 3-0: Called Strike 3-1: SINGLE (Line Drive, 5, EV 61.3 MPH) (infield hit)
|
|
Batting: RHB Winston Ficklin
|
0-0: Ball 1-0: Swinging Strike Passed Ball! Reggie D Williams to second 1-1: Fly out, F7 (Flyball, 78M, EV 76.9 MPH)
|
|
Pinch Hitting: LHB Robert O'Leath
|
0-0: Ball 1-0: SINGLE (Groundball, 56D, EV 103.8 MPH) Reggie D Williams to third
|
|
Batting: RHB Carson Carroll
|
0-0: Foul Ball, location: 2F 0-1: Ball 1-1: Foul Ball, location: 2F 1-2: Foul Ball, location: 2F 1-2: Grounds into double play, 6-4-3 (Groundball, 6, EV 82.5 MPH)
|
| Top of the 9th over - 0 runs, 2 hits, 0 errors, 1 left on base; Cedar Rapids 0 - Clinton 2 |
|